 Seeded DCSS version 0.30-a0-377-g5cb311bc9f (webtiles) character file.

Game seed: 20221134 (custom seed)

191 McGhostyFace the Nimble (level 5, -3/41 HPs)
             Began as a Gnoll Wanderer on Nov 30, 2022.
             Was a Follower of Ashenzari.
             Slain by an iguana (11 damage)
             ... on level 4 of the Dungeon.
             The game lasted 00:06:28 (2823 turns).

McGhostyFace the Nimble (Gnoll Wanderer)            Turns: 2823, Time: 00:06:28

Health: -3/41      AC:  5    Str:  9    XL:     5   Next: 70%
Magic:  8/8        EV: 16    Int:  8    God:    Ashenzari [*.....]
Gold:   198        SH:  5    Dex: 17    Spells: 8/8 levels left

rFire   . . .      SeeInvis .    v - +2 trident (venom)
rCold   . . .      Faith    .    (no shield)
rNeg    . . .      Spirit   .    b - +2 leather armour "Circumscribed Vexation" {Range, Self} (curse)
rPois   +          Reflect  +    (no helmet)
rElec   .          Harm     .    (no cloak)
rCorr   .          Rampage  .    (no gloves)
Will    .....                    (no boots)
Stlth   ++........               s - amulet of the Profound Urgency {Reflect SH+5, Bglg, Elem} (curse)
HPRegen 0.26/turn                (no ring)
MPRegen 0.11/turn                (no ring)

@: unable to read
A: fangs 1, strong nose, distributed training, dopey 1, poison resistance,
robust 1, wild magic 1, inability to read after injury 1
a: Renounce Religion, Shatter the Chains


You were on level 4 of the Dungeon.
You worshipped Ashenzari.
Ashenzari was aware of your devotion.
You visited 1 branch of the dungeon, and saw 4 of its levels.

You collected 198 gold pieces.

Inventory:

Hand Weapons
 h - a +3 vorpal sling
 v - a +2 trident of venom (weapon)
Missiles
 c - 6 boomerangs (quivered)
 f - 5 poisoned darts
Armour
 a - the +3 ring mail of Utryrch {rPois}
   (You found it on level 3 of the Dungeon)

   rPois:     It protects you from poison.
 b - the cursed +2 leather armour "Circumscribed Vexation" (worn) {Range, Self}

   It has a curse which improves the following skills: Ranged Combat: Ranged
   Weapons and Throwing.
   Introspection: Fighting and Spellcasting.
Jewellery
 s - the cursed amulet of the Profound Urgency (around neck) {Reflect SH+5, Bglg, Elem}
   (You found it on level 2 of the Dungeon)

   [amulet of reflection]

   It reflects blocked missile attacks.
   SH:        It affects your SH (+5).
   It has a curse which improves the following skills: Beguiling: Conjurations,
   Hexes and Translocations.
   Elements:  Fire Magic, Ice Magic, Air Magic and Earth Magic.
Wands
 t - a wand of iceblast (6)
Scrolls
 j - 6 scrolls of identify
 k - a scroll of enchant armour
 l - 2 scrolls of immolation
 n - a scroll of teleportation
 p - 2 scrolls of magic mapping
 q - 2 scrolls of vulnerability
Potions
 g - 2 potions of curing
 i - 2 potions of cancellation
 o - a potion of berserk rage
 r - a potion of brilliance
 u - a potion of magic


   Skills:
 + Level 1.6(2.3) Fighting
 + Level 3.1 Short Blades
 + Level 1.6 Long Blades
 + Level 1.6 Axes
 + Level 1.6 Maces & Flails
 + Level 1.6 Polearms
 + Level 1.6 Staves
 + Level 1.6(2.3) Ranged Weapons
 + Level 8.7(9.5) Throwing
 + Level 3.1 Armour
 + Level 8.7 Dodging
 + Level 1.6 Stealth
 + Level 1.6 Shields
 + Level 1.6 Unarmed Combat
 + Level 1.6(2.3) Spellcasting
 + Level 1.3(1.9) Conjurations
 + Level 1.3(1.9) Hexes
 + Level 1.3 Summonings
 + Level 1.3 Necromancy
 + Level 1.3(1.9) Translocations
 + Level 1.3 Transmutations
 + Level 1.3(1.9) Fire Magic
 + Level 1.3(1.9) Ice Magic
 + Level 1.3(1.9) Air Magic
 + Level 1.3(1.9) Earth Magic
 + Level 1.3 Poison Magic
 + Level 1.9 Invocations
 + Level 1.6 Evocations


You had 8 spell levels left.
You didn't know any spells.
Your spell library contained the following spells:

 Spells                   Type           Power      Damage    Failure   Level
 Blink                    Tloc           10%        N/A       41%         2
 Momentum Strike          Conj/Tloc      10%        3d8       41%         2
 Lesser Beckoning         Tloc           10%        N/A       63%         3


Dungeon Overview and Level Annotations

Branches:
Dungeon (4/15)
 Temple: D:4-7

Altars:
Ashenzari

Shops:
D:2 ?


Innate Abilities, Weirdness & Mutations

You have very sharp teeth.
Your uncanny sense of smell can sniff out nearby items.
Your experience applies equally to all skills.
You are dopey. (Int -2)
Your system is resistant to poisons. (rPois)
You are robust. (+10% HP)
Your spells are a little harder to cast, but a little more powerful.
You occasionally lose the ability to read scrolls when taking damage.


Message History

No target in view!
An iguana comes into view.
The iguana hisses angrily.
You shoot a sling bullet.
The sling bullet hits the iguana but does no damage.
You shoot a sling bullet.
The sling bullet hits the iguana but does no damage.
The iguana bites you! The iguana closely misses you.
You shoot a sling bullet. The sling bullet hits the iguana.
The iguana is lightly wounded.
The iguana bites you.
You shoot a sling bullet. The sling bullet hits the iguana.
The iguana is moderately wounded.
The iguana barely misses you.
Your +2 trident of venom begins to drip with poison!
v - a +2 trident of venom (weapon)
You block the iguana's attack.
You barely miss the iguana.
The iguana is moderately wounded.
The iguana completely misses you.
You closely miss the iguana.
The iguana is moderately wounded.
The iguana bites you but does no damage.
You completely miss the iguana. Your punch misses the iguana.
You bite the iguana.
The iguana is moderately wounded.
The iguana misses you. The iguana bites you!
Unknown command.
You are too injured to fight recklessly!
You are too injured to fight recklessly!
The iguana attacks as you move away! The iguana bites you.
You barely miss the iguana. You bite the iguana, but do no damage.
The iguana is moderately wounded.
The iguana bites you!
You feel threatened and lose the ability to read scrolls!
* * * LOW HITPOINT WARNING * * *
You puncture the iguana! Your bite misses the iguana.
The iguana is severely wounded.
The iguana bites you!
You die...

∆ #############..
...............
.†......#
#######l# #@#
####### #.##
#.....# #..####
#.....# ##....#
#.....#
####'######.....#
#..............#
#.....###......)
#.....# ##.....#
#.....# #.....#


You could see an iguana.

Vanquished Creatures
  A scorpion (D:4)
  An orc wizard (D:3)
  3 adders
  5 orcs
  7 bats
  4 endoplasms
  2 giant cockroaches
  6 goblins
  8 hobgoblins
  4 jackals
  7 kobolds
  4 quokkas
  7 ball pythons
  4 frilled lizards
  9 rats
72 creatures vanquished.

Vanquished Creatures (others)
  8 plants (D:4)
8 creatures vanquished.

Grand Total: 80 creatures vanquished

Notes
Turn   | Place    | Note
-------+----------+-------------------------------------------
     0 | D:1      | McGhostyFace the Gnoll Wanderer began the quest for the
                  | Orb.
     0 | D:1      | McGhostyFace set off with the following items: a +0 short
                  | sword, a +2 leather armour, 7 boomerangs, a +0 dagger, a
                  | potion of mutation.
     0 | D:1      | Reached XP level 1. HP: 13/13 MP: 1/1
   105 | D:1      | Gained mutation: Your system is resistant to poisons.
                  | (rPois) [potion of mutation]
   105 | D:1      | Gained mutation: You have hidden genetic defects. [potion
                  | of mutation]
   105 | D:1      | Gained mutation: Your spells are a little harder to cast,
                  | but a little more powerful. [potion of mutation]
   105 | D:1      | Gained mutation: You are robust. (+10% HP) [potion of
                  | mutation]
   112 | D:1      | Reached XP level 2. HP: 20/20 MP: 2/2
   121 | D:1      | Gained mutation: You are dopey. (Int -2) [hidden defects]
   406 | D:1      | Gained mutation: You occasionally lose the ability to read
                  | scrolls when taking damage. [hidden defects]
   406 | D:1      | Lost mutation: You have hidden genetic defects. [hidden
                  | defects expressed]
   917 | D:2      | Found Xun Qunu's Magic Scroll Emporium.
   951 | D:2      | Reached XP level 3. HP: 27/27 MP: 3/3
  1169 | D:2      | Reached skill level 1 in Invocations
  1250 | D:2      | Found a faded altar of an unknown god.
  1268 | D:2      | Prayed at the altar of an unknown god.
  1268 | D:2      | Became a worshipper of Ashenzari the Shackled
  1738 | D:2      | Reached skill level 1 in Fighting
  1738 | D:2      | Reached skill level 1 in Long Blades
  1738 | D:2      | Reached skill level 1 in Axes
  1738 | D:2      | Reached skill level 1 in Maces & Flails
  1738 | D:2      | Reached skill level 1 in Polearms
  1738 | D:2      | Reached skill level 1 in Staves
  1738 | D:2      | Reached skill level 1 in Ranged Weapons
  1738 | D:2      | Reached skill level 1 in Stealth
  1738 | D:2      | Reached skill level 1 in Shields
  1738 | D:2      | Reached skill level 1 in Unarmed Combat
  1738 | D:2      | Reached skill level 1 in Spellcasting
  1738 | D:2      | Reached skill level 1 in Evocations
  1758 | D:3      | Reached XP level 4. HP: 33/35 MP: 5/5
  1805 | D:3      | Reached skill level 1 in Conjurations
  1805 | D:3      | Reached skill level 1 in Hexes
  1805 | D:3      | Reached skill level 1 in Summonings
  1805 | D:3      | Reached skill level 1 in Necromancy
  1805 | D:3      | Reached skill level 1 in Translocations
  1805 | D:3      | Reached skill level 1 in Transmutations
  1805 | D:3      | Reached skill level 1 in Fire Magic
  1805 | D:3      | Reached skill level 1 in Ice Magic
  1805 | D:3      | Reached skill level 1 in Air Magic
  1805 | D:3      | Reached skill level 1 in Earth Magic
  1805 | D:3      | Reached skill level 1 in Poison Magic
  2319 | D:3      | Identified the +3 ring mail of Utryrch {rPois}
  2335 | D:3      | Reached * piety under Ashenzari
  2388 | D:3      | Reached XP level 5. HP: 41/41 MP: 6/8
  2823 | D:4      | Slain by an iguana

Illustrated notes

Levels and vault maps discovered:
D:1:      dpeg_arrival_line_fractal, layout_loops_cross
D:2:      layout_basic, serial_shops, shop,
          shapermc_ecumenical_altar_notcrosses, minmay_octomino_j4
D:3:      layout_loops_ring
D:4:      layout_basic, nicolae_hepliaklqana_hazy_memory,
          minmay_temple_entry_offerings

Skill      XL: |  1  2  3  4  5 |
---------------+----------------+-----
Invocations    | 1 |  1.9
Fighting       | 1 |  1.6
Long Blades    | 1 |  1.6
Axes           | 1 |  1.6
Maces & Flails | 1 |  1.6
Polearms       | 1 |  1.6
Staves         | 1 |  1.6
Ranged Weapons | 1 |  1.6
Stealth        | 1 |  1.6
Shields        | 1 |  1.6
Unarmed Combat | 1 |  1.6
Spellcasting   | 1 |  1.6
Evocations     | 1 |  1.6
Conjurations   | 1 |  1.3
Hexes          | 1 |  1.3
Summonings     | 1 |  1.3
Necromancy     | 1 |  1.3
Translocations | 1 |  1.3
Transmutations | 1 |  1.3
Fire Magic     | 1 |  1.3
Ice Magic      | 1 |  1.3
Air Magic      | 1 |  1.3
Earth Magic    | 1 |  1.3
Poison Magic   | 1 |  1.3
Short Blades   | 3 |  3.1
Armour         | 3 |  3.1
Throwing       | |  8.7
Dodging        | |  8.7

Action                   |  1- 3 |  4- 6 || total
-------------------------+-------+-------++-------
Melee: Short sword       |     5 |       ||     5
       Bite              |     1 |     3 ||     4
       Dagger            |       |     8 ||     8
       Trident           |       |     5 ||     5
 Fire: Sling             |    90 |    63 ||   153
Throw: Boomerang         |       |     8 ||     8
Invok: Curse Item        |     1 |     1 ||     2
  Use: Potion            |     1 |       ||     1
       Scroll            |       |     1 ||     1
Armor: Leather armour    |    17 |    11 ||    28
Dodge: Dodged            |    65 |    39 ||   104
Block: Other             |       |     6 ||     6

Table legend: (Time is in decaauts)
 A = Elapsed time spent in this place.
 B = Non-inter-level travel time spent in this place.
 C = Inter-level travel time spent in this place.
 D = Time resting spent in this place.
 E = Time spent auto-exploring this place.
 F = Levels seen in this place.
 G = Mean time per level.
                   A        B        C        D        E       F      G
               +--------+--------+--------+--------+--------+-----+--------+
         Total |   2879 |   2676 |    203 |    136 |   2100 |   4 |  719.8 |
       Dungeon |   2879 |   2676 |    203 |    136 |   2100 |   4 |  719.8 |
               +--------+--------+--------+--------+--------+-----+--------+

Top non-repeatable levels by time:
     D:2: 1130 daAuts
     D:3: 830 daAuts
     D:1: 661 daAuts
     D:4: 258 daAuts
